cohdb
Replays
Latest Replays
All Replays
Popular Replays
Top Player Replays
Match Explorer
How It Works
Community
CoH3 Stats
Reddit
Sign in to upload your games and track your stats! →
Sign in with Steam
Match 43166749
Unlisted
Match 43166749
Overview
Messages
Build Orders
End
Construct Infanterie Kompanie
Kettenkrad Recon Vehicle
Grenadier Squad
Grenadier Squad
Grenadier Squad
Infanterie Officer Quarters
GrW 34 Mortar Team
Construct Panzergrenadier Kompanie
Selects Terror Battlegroup
Selects Terror Battlegroup
Selects Interrogate
Selects Machine Gun Camouflage
Pak 40 Anti-tank Gun Team
251 Medium Carrier
Panzergrenadier Squad
Medical Station
Support Elements
Selects Jericho Trumpet
Jericho Trumpet
StuG III G Assault Gun
Nebelwerfer 42 Rocket Launcher Team
Nebelwerfer 42 Rocket Launcher Team
Selects V1 Rocket Strike
Pioneer Squad
Grenadier Squad
Selects Defend the Fatherland
StuG III G Assault Gun
StuG III G Assault Gun
Panzergrenadier Officer Quarters
-Panzergrenadier-HK416
只愛❤毛妹
0
0
Comments
sign in to comment!
No comments posted yet!